 Dungeon Crawl Stone Soup version 0.19-a0-611-gb5a7e8d (webtiles) character file.

149 Firecrotchwizard the Ducker (level 5, -5/25 HPs)
             Began as a Felid Berserker on June 12, 2016.
             Was a Believer of Trog.
             Killed by divine providence
             ... invoked by an orc priest
              (11 damage)
             ... on level 3 of the Dungeon.
             The game lasted 00:06:28 (3171 turns).

Firecrotchwizard the Ducker (Felid Berserker)       Turns: 3171, Time: 00:06:28

Health: -5/25      AC:  1    Str: 14    XL:     5   Next: 9%
Magic:  15/15      EV: 22    Int:  8    God:    Trog [**....]
Gold:   137        SH:  0    Dex: 16    Spells: 0 memorised, 4 levels left
                                        Lives:  0   Deaths: 1

rFire  . . .     SeeInvis +       - Unarmed
rCold  . . .     Gourm    .     (armour unavailable)
rNeg   . . .     Faith    .     (shield unavailable)
rPois  .         Spirit   .     (helmet unavailable)
rElec  .         Dismiss  .     (cloak unavailable)
rCorr  .         Reflect  .     (gloves unavailable)
SustAt .         Harm     .     (boots unavailable)
MR     .....                    (no amulet)
Stlth  +++.......               (no ring)
                                k - ring of magical power

@: quick, not resistant to hostile enchantments, fairly stealthy
A: no armour, no weapons or thrown items, claws 1, fangs 3, see invisible,
carnivore 3, speed 1, shaggy fur 1, slow metabolism 1, sharp paws
a: Berserk, Trog's Hand, Burn Spellbooks, Renounce Religion


You were on level 3 of the Dungeon.
You worshipped Trog.
Trog was pleased with you.
You were not hungry.

You visited 1 branch of the dungeon, and saw 3 of its levels.

You collected 137 gold pieces.

Inventory:

Jewellery
 k - a ring of magical power (left paw)
Wands
 s - a wand of random effects (8/48)
Scrolls
 c - 2 scrolls of immolation {unknown}
 d - a scroll of amnesia {unknown}
 g - a scroll of fog {unknown}
 h - a scroll of recharging {unknown}
 j - 2 scrolls of remove curse {unknown}
 m - a scroll of teleportation {unknown}
 o - 2 scrolls of identify {unknown}
 q - a scroll of noise {unknown}
 r - a scroll of enchant armour {unknown}
Potions
 b - 2 potions of agility {unknown}
 e - a potion of resistance {unknown}
 f - a potion of curing {unknown}
 i - a potion of flight {unknown}
 l - 2 potions of brilliance {unknown}
 n - a potion of invisibility {unknown}
 p - a potion of lignification {unknown}
Comestibles
 a - 2 meat rations


   Skills:
 + Level 3.9 Fighting
 + Level 6.3 Dodging
 + Level 2.7 Stealth
 + Level 4.4 Unarmed Combat


You had 4 spell levels left.
You didn't know any spells.

Dungeon Overview and Level Annotations

Branches:
Dungeon (3/15)

Altars:

Annotations:
D:3 jestert79's ghost, amateur DgTm


Innate Abilities, Weirdness & Mutations

You cannot wear armour.
You are incapable of wielding weapons or throwing items.
You have sharp claws.
You have razor-sharp teeth.
You have supernaturally acute eyesight. (SInv)
You are carnivorous and can eat meat at any time.
You cover ground quickly.
You are covered in fur. (AC +1)
You have a slow metabolism.
Your sharp claws are effective at attacking unaware monsters.


Message History

Jestert79's ghost closely misses you.
You completely miss jestert79's ghost.
Jestert79's ghost is moderately damaged.
Jestert79's ghost hits you!
You claw jestert79's ghost!
Jestert79's ghost is severely damaged.
Jestert79's ghost hits you.
* * * LOW HITPOINT WARNING * * *
You scratch jestert79's ghost.
Jestert79's ghost is severely damaged.
Jestert79's ghost barely misses you.
You barely miss jestert79's ghost.
Jestert79's ghost is severely damaged.
The orc priest barely misses you.
You scratch jestert79's ghost but do no damage.
Jestert79's ghost is severely damaged.
Jestert79's ghost closely misses you.
The orc priest mumbles some strange prayers to Beogh against you.
Beogh smites you!
You die...

#.# #..#########.### ..#
##.#....# #.# #.#
#......# #.# #.# ##.....#
#.# #.# #.....# #.#
######### #.# ##....# #.#
#........ ..#
#..######.###....o... #.#
##.#......W.......... #.#
#.#.)...@o.......... #.#
#.....)............. ###
#.#
##.......(รท.............
..#
#...........#####......
#.#
#.........)....##......
#(# #...........##.....#
#.# ##..###.###.#...####
#(### ........# #.#)###
....# .......#.###.#)#


You could see an orc priest and jestert79's ghost.

Vanquished Creatures
  A crimson imp (D:3)
  2 orc priests (D:3)
  Natasha (thrice) (D:3)
  5 adders
  An ooze (D:1)
  A dart slug (D:2)
  2 giant geckos
  7 orcs (D:3)
  2 giant cockroaches
  7 goblins
  2 hobgoblins (D:1)
  6 kobolds
  A quokka (D:3)
  2 ball pythons (D:2)
  A bat (D:1)
  5 giant newts
  3 rats
51 creatures vanquished.

Notes
Turn   | Place    | Note
--------------------------------------------------------------
     0 | D:1      | Firecrotchwizard the Felid Berserker began the quest for the Orb.
     0 | D:1      | Reached XP level 1. HP: 10/10 MP: 2/2
   202 | D:1      | Reached XP level 2. HP: 12/14 MP: 3/3
  1019 | D:2      | Reached XP level 3. HP: 17/17 MP: 4/4
  1066 | D:2      | Reached ** piety under Trog
  1654 | D:2      | Reached skill level 1 in Stealth
  1654 | D:2      | Reached XP level 4. HP: 21/21 MP: 5/5
  2087 | D:3      | Reached skill level 5 in Dodging
  2362 | D:3      | Found a faded altar of an unknown god.
  2372 | D:3      | Reached XP level 5. HP: 19/24 MP: 6/6
  2529 | D:3      | Noticed Natasha
  2542 | D:3      | Killed Natasha
  2789 | D:3      | Noticed Natasha
  2804 | D:3      | Killed Natasha
  2936 | D:3      | Noticed jestert79's ghost (amateur DgTm)
  2996 | D:3      | Reached skill level 6 in Dodging
  3019 | D:3      | Slain by jestert79's ghost
  3020 | D:3      | Reached XP level 4. HP: -3/22 MP: 14/14
  3074 | D:3      | Noticed Natasha
  3079 | D:3      | Killed Natasha
  3079 | D:3      | Reached XP level 5. HP: 25/25 MP: 6/6
  3171 | D:3      | Killed from afar by an orc priest

Vault maps used:
D:1:      minmay_arrival_hallway, st_stairs_13
D:3:      minmay_door_path, kennysheep_ying_yang, first_bread,
          ecumenical_altar_1, uniq_natasha

Skill      XL: |  1  2  3  4  5 |
---------------+----------------+-----
Stealth        | 1 2 |  2.7
Dodging        | 5 6 |  6.3
Unarmed Combat | 4 |  4.4
Fighting       | |  3.9

Action                   |  1- 3 |  4- 6 || total
-------------------------+-------+-------++-------
Melee: Unarmed           |    86 |    95 ||   181
       Bite              |     7 |     5 ||    12
       Punch             |       |     2 ||     2
 Stab: Sleeping          |     3 |     1 ||     4
       Distracted        |     1 |       ||     1
  Eat: Chunk             |     1 |     2 ||     3
Armor: Skin              |     1 |     2 ||     3
Dodge: Dodged            |    51 |    78 ||   129
